 Dungeon Crawl Stone Soup version 0.27-a0-1196-g3e9cee4cb2 (webtiles) character file.

Game seed: 11963872894960724537

1044 Azzok the Cleaver (level 8, 55/58 HPs)
             Began as a Demonspawn Berserker on May 29, 2021.
             Was a Priest of Trog.
             Quit the game on level 5 of the Dungeon.
             The game lasted 00:04:51 (5376 turns).

Azzok the Cleaver (Demonspawn Berserker)            Turns: 5376, Time: 00:04:51

Health: 55/58      AC: 16    Str: 19    XL:     8   Next: 4%
Magic:  8/8        EV:  6    Int: 12    God:    Trog [***...]
Gold:   83         SH:  0    Dex: 12    Spells: 7/7 levels left

rFire    . . .     SeeInvis .   t - +2 trident (venom)
rCold    . . .     Faith    .   (no shield)
rNeg     . . .     Spirit   .   s - +0 plate armour
rPois    .         Reflect  .   p - +0 helmet
rElec    .         Harm     .   (no cloak)
rCorr    .         Rampage  .   f - +2 pair of gloves
Will     .....                  e - +0 pair of boots
Stlth    ..........             (no amulet)
HPRegen  0.19/turn              (no ring)
MPRegen  0.11/turn              (no ring)

@: no status effects
A: talons 1, foul stench 1, powered by pain 1, big brain 1
a: Renounce Religion, Berserk, Trog's Hand


You were on level 5 of the Dungeon.
You worshipped Trog.
Trog was most pleased with you.
You visited 1 branch of the dungeon, and saw 5 of its levels.

You collected 176 gold pieces.
You spent 93 gold pieces at shops.

Inventory:

Hand Weapons
 a - a +0 hand axe
 t - a +2 trident of venom (weapon)
Armour
 e - a +0 pair of boots (worn)
 f - a +2 pair of gloves (worn)
 p - a +0 helmet (worn)
 s - a +0 plate armour (worn)
Jewellery
 n - a ring of ice
 q - a ring of see invisible
Scrolls
 b - 2 scrolls of teleportation
 h - 5 scrolls of identify
 i - 4 scrolls of enchant weapon {unknown}
 j - a scroll of fear {unknown}
 k - a scroll of immolation {unknown}
 o - a scroll of summoning {unknown}
 r - a scroll of enchant armour {unknown}
Potions
 c - 4 potions of might {unknown}
 d - a potion of resistance {unknown}
 g - a potion of haste {unknown}
 l - a potion of flight {unknown}
 m - 2 potions of curing {unknown}


   Skills:
 - Level 3.0 Fighting
 + Level 9.1 Axes
 - Level 1.7 Armour
 - Level 1.7 Dodging


You had 7 spell levels left.
You didn't know any spells.
Your spell library was empty.

Dungeon Overview and Level Annotations

Branches:
Dungeon (5/15)
 Temple: D:4-7

Altars:
Vehumet

Shops:
D:4 ([:?


Innate Abilities, Weirdness & Mutations

You have sharp toenails.
You may rarely emit foul miasma when damaged in melee.
You sometimes gain a little power by taking damage.
You have an unusually large brain. (Int +2)


Message History

You are too injured to fight recklessly!
You are too injured to fight recklessly!
You are too injured to fight recklessly!
You puncture the hornet zombie!
The hornet zombie is severely damaged.
The hornet zombie hits you but does no damage.
You barely miss the hornet zombie.
The hornet zombie is severely damaged.
The hornet zombie hits you but does no damage.
You barely miss the hornet zombie.
The hornet zombie is severely damaged.
The hornet zombie hits you.
The hornet zombie hits you but does no damage.
You hit the hornet zombie but do no damage.
The hornet zombie is severely damaged.
The hornet zombie hits you but does no damage.
You puncture the hornet zombie!
The hornet zombie is almost destroyed.
The hornet zombie hits you but does no damage.
You puncture the hornet zombie!
You destroy the hornet zombie!
Trog accepts your kill.
Found a robe.
Found a dagger.
h - 5 scrolls of identify (gained 1)
A scorpion comes into view.
A scorpion is nearby!
You closely miss the scorpion. The scorpion stings you.
The scorpion stings you but does no damage.
You hit the scorpion.
The scorpion is poisoned.
The scorpion is lightly wounded.
The scorpion stings you but does no damage.
You puncture the scorpion!
You kill the scorpion!
Trog accepts your kill.
Your Axes skill increases to level 9!
You have reached level 8!
You feel clever.
Your demonic ancestry asserts itself...
You begin to emit a foul stench of rot and decay.
Are you sure you want to abandon this character and quit the game? (Confirm with "yes".)

· ·▒▒ ·▒ · · · ▒
·▒▒▒▒· ····· ··
▒··▒▒▒ ·· · ▒··▒·▒
··
····▒▒····▒▒╬▒▒▒▒··
··
······†@······[···)
··
···▒·▒··▒·▒···▒▒▒··
▒··▒·▒···▒
▒··▒·▒···▒
▒··▒·▒···▒
▒▒▒▒·▒···▒ ▒·▒···▒
▒·▒···▒
▒···▒▒▒▒▒▒▒▒▒


There were no monsters in sight!

Vanquished Creatures
  Prince Ribbit (D:5)
  An orc warrior (D:4)
  A hornet zombie (D:5)
  An ogre (D:4)
  A phantom (D:4)
  2 scorpions
  A centaur zombie (D:3)
  A hound (D:5)
  An orc priest (D:4)
  Terence (D:2)
  Natasha (thrice) (D:2)
  Robin (D:3)
  7 adders
  A river rat (D:4)
  2 ufetubi
  A worm (D:4)
  3 dart slugs
  10 orcs
  6 bats
  7 endoplasms
  4 giant cockroaches
  15 goblins
  12 hobgoblins
  8 kobolds
  4 quokkas
  2 ball pythons
  3 frilled lizards
  5 rats
105 creatures vanquished.

Notes
Turn   | Place    | Note
-------+----------+-------------------------------------------
     0 | D:1      | Azzok the Demonspawn Berserker began the quest for the Orb.
     0 | D:1      | Reached XP level 1. HP: 18/18 MP: 1/1
   402 | D:1      | Reached skill level 3 in Axes
   601 | D:1      | Gained mutation: You sometimes gain a little power by
                  | taking damage. [demonic ancestry]
   601 | D:1      | Reached XP level 2. HP: 13/24 MP: 2/2
  1188 | D:1      | Reached XP level 3. HP: 25/29 MP: 3/3
  1858 | D:2      | Noticed Natasha
  1869 | D:2      | Killed Natasha
  1870 | D:2      | Reached skill level 4 in Axes
  1997 | D:2      | Reached ** piety under Trog
  1998 | D:2      | Gained mutation: You have sharp toenails. [demonic
                  | ancestry]
  1998 | D:2      | Reached XP level 4. HP: 30/35 MP: 4/4
  2155 | D:2      | Noticed Terence
  2163 | D:2      | Killed Terence
  2352 | D:2      | Noticed Natasha
  2365 | D:2      | Killed Natasha
  2366 | D:2      | Reached skill level 5 in Axes
  2539 | D:2      | Noticed Natasha
  2547 | D:2      | Killed Natasha
  2548 | D:2      | Reached XP level 5. HP: 33/41 MP: 5/5
  2640 | D:2      | Found a faded altar of an unknown god.
  2752 | D:3      | Found a radiant altar of Vehumet.
  2771 | D:3      | Noticed Robin
  2789 | D:3      | Killed Robin
  3157 | D:3      | Reached skill level 6 in Axes
  3705 | D:4      | Found Eroiq's Book Emporium.
  3755 | D:4      | Noticed an orc warrior
  3768 | D:4      | Reached XP level 6. HP: 11/47 MP: 6/6
  3771 | D:4      | Killed an orc warrior
  4074 | D:4      | Reached skill level 7 in Axes
  4120 | D:4      | Found Luuhopra's Magic Scroll Boutique.
  4145 | D:4      | Gained mutation: You have an unusually large brain. (Int
                  | +2) [demonic ancestry]
  4145 | D:4      | Reached XP level 7. HP: 33/52 MP: 7/7
  4154 | D:4      | Reached *** piety under Trog
  4317 | D:4      | Bought a scroll of amnesia for 38 gold pieces
  4317 | D:4      | Bought a scroll of identify for 22 gold pieces
  4317 | D:4      | Bought a scroll of teleportation for 33 gold pieces
  4420 | D:4      | Found Fuenin's Weapon Emporium.
  4428 | D:4      | Found Qekhlaosk's Antique Armour Boutique.
  4935 | D:5      | Entered Level 5 of the Dungeon
  5113 | D:5      | Noticed Prince Ribbit
  5121 | D:5      | Reached skill level 8 in Axes
  5130 | D:5      | Killed Prince Ribbit
  5376 | D:5      | Reached skill level 9 in Axes
  5376 | D:5      | Gained mutation: You may rarely emit foul miasma when
                  | damaged in melee. [demonic ancestry]
  5376 | D:5      | Reached XP level 8. HP: 55/58 MP: 8/8
  5376 | D:5      | Quit the game

Illustrated notes

Levels and vault maps discovered:
D:1:      erik_arrival_cave_to_civilisation [erik_arrival_cave_to_temple],
          layout_loops_ring, minmay_vboxes
D:2:      layout_basic, shapermc_ecumenical_altar_venn, uniq_terence,
          uniq_natasha
D:3:      layout_basic, vehumet_crystals, uniq_robin
D:4:      layout_cave_pools, gup_sewer_entry_spiral, serial_shops,
          nicolae_shop_waterfront, nicolae_shop_waterfront, shop_fountains, shop
D:5:      layout_basic, uniq_crazy_yiuf_cottage, uniq_prince_ribbit1

Skill      XL: |  1  2  3  4  5  6  7 |
---------------+----------------------+-----
Axes           | 3 4 5 6 7 9 |  9.1
Fighting       | |  3.0
Armour         | |  1.7
Dodging        | |  1.7

Action                   |  1- 3 |  4- 6 |  7- 9 || total
-------------------------+-------+-------+-------++-------
Melee: Hand axe          |   115 |   113 |       ||   228
       Kick              |       |    35 |    14 ||    49
       Trident           |       |    21 |    80 ||   101
Invok: Berserk           |       |     2 |     1 ||     3
Armor: Animal skin       |    14 |       |       ||    14
       Ring mail         |    22 |    51 |       ||    73
       Plate armour      |       |    20 |    52 ||    72
Dodge: Dodged            |    70 |    70 |    19 ||   159

Table legend: (Time is in decaauts)
 A = Elapsed time spent in this place.
 B = Non-inter-level travel time spent in this place.
 C = Inter-level travel time spent in this place.
 D = Time resting spent in this place.
 E = Time spent auto-exploring this place.
 F = Levels seen in this place.
 G = Mean time per level.
                   A        B        C        D        E       F      G
               +--------+--------+--------+--------+--------+-----+--------+
         Total |   5483 |   5239 |    244 |      7 |   4388 |   5 | 1096.6 |
       Dungeon |   5483 |   5239 |    244 |      7 |   4388 |   5 | 1096.6 |
               +--------+--------+--------+--------+--------+-----+--------+

Top non-repeatable levels by time:
     D:1: 1831 daAuts
     D:4: 1290 daAuts
     D:2: 959 daAuts
     D:3: 950 daAuts
     D:5: 451 daAuts
